 Dungeon Crawl Stone Soup version 0.31-a0-202-g547052bce9 (webtiles) character file.

Game seed: 15555174285928633856

81 qw the Shooter (level 4, -3/25 HPs)
             Began as a Deep Elf Hunter on June 26, 2023.
             Succumbed to a scorpion's poison
             ... on level 4 of the Dungeon.
             The game lasted 00:00:35 (1975 turns).

qw the Shooter (Deep Elf Hunter)                    Turns: 1975, Time: 00:00:36

Health: -3/25      AC:  5    Str: 10    XL:     4   Next: 19%
Magic:  6/6        EV: 11    Int: 14    God:
Gold:   203        SH:  0    Dex: 18    Spells: 3/3 levels left

rFire   + . .        Y - +0 shortbow (flame)
rCold   . . .        (shield currently unavailable)
rNeg    . . .        d - +0 ring mail
rPois   .            (no helmet)
rElec   .            (no cloak)
rCorr   .            (no gloves)
SInv    .            (no boots)
Will    .....        e - amulet of faith
Stlth   +            g - ring of protection from fire
HPRegen 0.24/turn    (no ring)
MPRegen 0.10/turn

%: faith
@: lethally poisoned (-3 -> -22)
A: no striking features
a: no special abilities


You were on level 4 of the Dungeon.
You visited 1 branch of the dungeon, and saw 4 of its levels.

You collected 203 gold pieces.


   Skills:
 - Level 1.5 Fighting
 + Level 7.6 Ranged Weapons
 - Level 2.4 Dodging
 - Level 1.2 Stealth


You had 3 spell levels left.
You didn't know any spells.
Your spell library was empty.

Inventory:

Hand Weapons
 Y - a +0 shortbow of flaming (weapon)
Armour
 d - a +0 ring mail (worn)
Jewellery
 e - an amulet of faith (around neck)
 g - a ring of protection from fire (left hand)
Scrolls
 a - a scroll of identify
Potions
 b - a potion of might {unknown}
 f - a potion of cancellation
 k - a potion of curing

Dungeon Overview and Level Annotations

Branches:
Dungeon (4/15)
 Temple: D:4-7

Altars:


Message History

You now have 169 gold pieces (gained 8).
You now have 188 gold pieces (gained 19).
You now have 199 gold pieces (gained 11).
You now have 203 gold pieces (gained 4).
You open the door.
A scorpion and an orc come into view.
Found 42 gold pieces.
Enter note: You shoot an arrow.
The arrow hits the orc.
The arrow burns the orc.
The orc shouts!
The orc is heavily wounded.
You shoot an arrow. The arrow hits the orc.
The arrow burns the orc.
You kill the orc!
You shoot an arrow. The arrow hits the scorpion.
The arrow burns the scorpion.
The scorpion is moderately wounded.
You shoot an arrow. The arrow barely misses the scorpion.
The scorpion stings you.
You are poisoned.
The scorpion poisons you!
You shoot an arrow. The arrow barely misses the scorpion.
You feel very sick. The scorpion completely misses you.
You shoot an arrow. The arrow hits the scorpion.
The arrow burns the scorpion.
The scorpion is heavily wounded.
You feel sick. The scorpion closely misses you.
The scorpion completely misses you.
You shoot an arrow.
The arrow hits the scorpion but does no damage.
The scorpion is heavily wounded.
You feel sick. The scorpion stings you.
You are lethally poisoned!
The scorpion poisons you!
You shoot an arrow. The arrow closely misses the scorpion.
You feel very sick. The scorpion stings you!
You are more poisoned.
The scorpion poisons you!
You shoot an arrow. The arrow hits the scorpion.
The arrow burns the scorpion.
The scorpion is almost dead.
You die...

#.#..).....'..
#.#........'..
###%#...)....##.
###..)##......##..
#......##)...## ##
## #.......######
###.. #........#
#..$..#.......##
...$..s@.....##
#..$..###...##
###.. ##### ##


You could see a scorpion.

Vanquished Creatures
  3 adders
  A dart slug (D:1)
  2 orcs (D:4)
  3 endoplasms
  2 giant cockroaches (D:1)
  6 goblins
  7 hobgoblins
  4 jackals (D:2)
  3 quokkas
  3 ball pythons
  4 bats
  4 kobolds
  2 rats (D:2)
44 creatures vanquished.

Notes
Turn   | Place    | Note
-------+----------+-------------------------------------------
     0 | D:1      | qw the Deep Elf Hunter began the quest for the Orb.
     0 | D:1      | Reached XP level 1. HP: 12/12 MP: 3/3
     0 | D:1      | 0 ||| qw: Version: 0.3-a-22-g0ed2b0b
     0 | D:1      | 0 ||| qw: Game counter: 6118
     0 | D:1      | 0 ||| qw: Melee chars always use a shield: true
     0 | D:1      | 0 ||| qw: God list: Okawaru
     0 | D:1      | 0 ||| qw: Allow faded altars: false
     0 | D:1      | 0 ||| qw: Do Orc after clearing Dungeon:15 true
     0 | D:1      | 0 ||| qw: Do second Lair branch before Depths: true
     0 | D:1      | 0 ||| qw: Lair rune preference: random
     0 | D:1      | 0 ||| qw: Goals: Normal
     0 | D:1      | 0 ||| PLANNING D:1-11
   234 | D:1      | Reached XP level 2. HP: 16/16 MP: 4/4
   240 | D:1      | Found a faded altar of an unknown god.
   312 | D:1      | Reached skill level 6 in Ranged Weapons
   711 | D:1      | 711 ||| UPGRADING to +0 ring mail.
   721 | D:1      | 721 ||| DROPPING +0 leather armour.
   722 | D:1      | 722 ||| UPGRADING to amulet of faith.
   727 | D:1      | 727 ||| READING 2 scrolls labelled YWO ASUJOMA.
   728 | D:1      | 728 ||| READING scroll labelled CUIL ILOUNA.
   829 | D:1      | 829 ||| READING scroll labelled QEENGA BALEIX.
   830 | D:1      | 830 ||| DRINKING 2 white potions.
   831 | D:1      | 831 ||| DROPPING scroll of butterflies.
   832 | D:1      | 832 ||| DROPPING potion of brilliance.
  1202 | D:2      | Reached XP level 3. HP: 20/20 MP: 5/5
  1232 | D:2      | 1232 ||| FLEEEEING.
  1233 | D:2      | 1233 ||| FLEEEEING.
  1236 | D:2      | 1236 ||| FLEEEEING.
  1237 | D:2      | 1237 ||| FLEEEEING.
  1238 | D:2      | 1238 ||| FLEEEEING.
  1239 | D:2      | 1239 ||| FLEEEEING.
  1241 | D:2      | 1241 ||| FLEEEEING.
  1242 | D:2      | 1242 ||| FLEEEEING.
  1243 | D:2      | 1243 ||| FLEEEEING.
  1244 | D:2      | 1244 ||| FLEEEEING.
  1245 | D:2      | 1245 ||| FLEEEEING.
  1382 | D:2      | Reached skill level 7 in Ranged Weapons
  1758 | D:2      | 1758 ||| UPGRADING to ring of protection from fire.
  1759 | D:2      | 1759 ||| READING scroll labelled QEIPUO RUKAL.
  1760 | D:2      | 1760 ||| READING scroll labelled EFUDUNU ESATA.
  1761 | D:2      | 1761 ||| READING scroll labelled UXZILA HADEOFI.
  1762 | D:2      | 1762 ||| READING scroll labelled XESUDICKEVIQ.
  1763 | D:2      | 1763 ||| DRINKING 2 fizzy cyan potions.
  1764 | D:2      | 1764 ||| READING 4 scrolls of identify.
  1764 | D:2      | 1764 ||| IDENTIFYING bubbling white potion
  1765 | D:2      | 1765 ||| READING 3 scrolls of identify.
  1765 | D:2      | 1765 ||| IDENTIFYING smoky sapphire potion
  1766 | D:2      | 1766 ||| READING 2 scrolls of identify.
  1766 | D:2      | 1766 ||| IDENTIFYING sedimented silvery potion
  1767 | D:2      | 1767 ||| DROPPING potion of degeneration.
  1768 | D:2      | 1768 ||| DROPPING potion of lignification.
  1819 | D:3      | You fall into a shaft and drop 1 floor!
  1937 | D:4      | Reached XP level 4. HP: 25/25 MP: 6/6
  1966 | D:4      | Noticed a scorpion
  1974 | D:4      | HP: 1/25 [scorpion (7)]
  1975 | D:4      | Succumbed to a scorpion's poison

Levels and vault maps discovered:
D:1:      amcnicky_arrival_underground_garden, layout_basic,
          shapermc_ecumenical_altar_ellora
D:2:      layout_loops_corners, corexii_corridor_pit, minmay_misc_feat_x,
          nicolae_figureground_sparkle
D:3:      layout_basic, chequers_temple_overflow_statue_of_worship,
          serial_shops, shop, uniq_sigmund
D:4:      minmay_polygon_palace, layout_cave_pools, minivault_4,
          kennysheep_cluttered_room, dreamdust_gnoll_farm

Skill      XL: |  1  2  3 |
---------------+----------+-----
Ranged Weapons | 6 7 |  7.6
Fighting       | |  1.5
Dodging        | |  2.4
Stealth        | |  1.2

Action                     |  1- 3 |  4- 6 || total
---------------------------+-------+-------++-------
   Fire: Shortbow          |    84 |    18 ||   102
    Use: Scroll            |    10 |       ||    10
         Potion            |     2 |       ||     2
 Armour: Leather armour    |     3 |       ||     3
         Ring mail         |     3 |     4 ||     7
  Dodge: Dodged            |    20 |     8 ||    28

Table legend:
 A = Non-vault XP
 B = Vault XP
 C = Vault XP percentage of total XP
 D = Non-vault monster count
 E = Vault monster count
 F = Vault count percentage of total count
                 A         B        C        D         E       F
            +---------+---------+-------+---------+---------+-------
      Total |      87 |      29 |  25.0 |      35 |       9 |  20.5
            +---------+---------+-------+---------+---------+-------
        D:1 |      33 |       0 |   0.0 |      17 |       0 |   0.0
        D:2 |      49 |       0 |   0.0 |      16 |       0 |   0.0
        D:4 |       5 |      29 |  85.3 |       2 |       9 |  81.8
            +---------+---------+-------+---------+---------+-------
